 Dungeon Crawl Stone Soup version 0.32-a0-913-g739538a (webtiles) character file.

Game seed: 14559486631794547348

339 cinnamon the Shooter (level 6, -3/46 HPs)
             Began as a Coglin Hunter on Apr 9, 2024.
             Succumbed to a water moccasin's poison
             ... on level 5 of the Dungeon.
             The game lasted 00:07:30 (3614 turns).

cinnamon the Shooter (Coglin Hunter)                Turns: 3614, Time: 00:07:30

Health: -3/46      AC:  7    Str: 11    XL:     6   Next: 55%
Magic:  6/6        EV: 10    Int:  8    God:
Gold:   220        SH:  0    Dex: 20    Spells: 5/5 levels left

rFire   . . .        a - +2 sling {Keminub}
rCold   . . .        d - +0 sling {Kaspar}
rNeg    . . .        z - +0 ring mail
rPois   .            l - +0 helmet
rElec   .            s - scarf {shadows}
rCorr   .            (no gloves)
SInv    .            j - +0 pair of boots
Will    .....        (amulet unavailable)
Stlth   +            (ring unavailable)
HPRegen 0.27/turn    (ring unavailable)
MPRegen 0.10/turn    (no gizmo)

%: no passive effects
@: lethally poisoned (-3 -> -25), hasted, revving, very quick
A: off-hand wielding, slow wielding, warmup strikes, no jewellery
a: Invent Gizmo


You were on level 5 of the Dungeon.
You visited 1 branch of the dungeon, and saw 5 of its levels.

You collected 246 gold pieces.
You spent 26 gold pieces at shops.

Inventory:

Hand Weapons
 a - a +2 sling (weapon) {Keminub}
 d - a +0 sling (offhand) {Kaspar}
 m - a +0 club
 A - a +2 demon blade of flaming {Salvador}
 B - a +2 long sword of holy wrath {Ming}
Armour
 c - a +0 leather armour
 j - a +0 pair of boots (worn)
 l - a +0 helmet (worn)
 s - a scarf of shadows (worn)
 z - a +0 ring mail (worn)
Magical Staves
 i - a staff of earth
Wands
 k - a wand of quicksilver (9)
 v - a wand of flame (16)
 y - a wand of charming (6)
Scrolls
 b - 2 scrolls of butterflies
 g - 9 scrolls of teleportation
 o - 2 scrolls of noise
 t - 2 scrolls of blinking {unknown}
 w - a scroll of brand weapon {unknown}
 C - a scroll of amnesia {unknown}
Potions
 e - a potion of enlightenment {unknown}
 f - 3 potions of brilliance
 h - 3 potions of degeneration
 p - a potion of mutation {unknown}
 q - a potion of attraction {unknown}
 r - a potion of berserk rage {unknown}
 u - a potion of magic {unknown}
 x - a potion of haste


   Skills:
 + Level 2.4 Fighting
 * Level 6.8 Ranged Weapons
 - Level 1.7 Dodging
 - Level 0.7 Stealth


You had 5 spell levels left.
You didn't know any spells.
Your spell library contained the following spells:

 Spells                   Type           Power      Damage    Failure   Level
 Summon Small Mammal      Summ           0%         N/A       71%         1
 Blink                    Tloc           0%         N/A       85%         2
 Lesser Beckoning         Tloc           0%         N/A       85%         2
 Momentum Strike          Conj/Tloc      0%         3d8       85%         2
 Call Canine Familiar     Summ           0%         N/A       97%         3
 Summon Blazeheart Golem  Fire/Summ      0%         N/A       100%        4


Dungeon Overview and Level Annotations

Branches:
Dungeon (5/15)
 Temple: D:4-7

Altars:
Ashenzari
Fedhas
Qazlal
Vehumet

Shops:
D:4 ?[


Innate Abilities, Weirdness & Mutations

You can wield a second weapon in your off-hand.
It takes a long time for you to wield or remove held weapons.
Your first few attacks do less damage.
You cannot equip rings or amulets.


Message History

* * * LOW HITPOINT WARNING * * *
You feel very sick.
The water moccasin attacks as it pursues you!
The water moccasin barely misses you. x2
You are too confused!
You feel yourself speed up.
* * * LOW HITPOINT WARNING * * *
You feel very sick. The water moccasin bites you.
* * * LOW HITPOINT WARNING * * *
* * * LOW HITPOINT WARNING * * *
You feel sick.
The water moccasin attacks as it pursues you!
The water moccasin bites you but does no damage.
* * * LOW HITPOINT WARNING * * *
You feel sick. The water moccasin bites you.
* * * LOW HITPOINT WARNING * * *
You are more poisoned.
The water moccasin poisons you!
Non-targeted confused fire: a) +2 sling {Keminub}
Press: ? - help, Q - select action, (/) - cycle Dir - look around, f - activate Look: a water moccasin (almost dead)
You shoot a sling bullet. x2
* * * LOW HITPOINT WARNING * * *
You feel very sick. The water moccasin bites you.
* * * LOW HITPOINT WARNING * * *
You are more poisoned.
The water moccasin poisons you!
You bump into the rock wall.
You feel less invigorated.
You feel less confused.
* * * LOW HITPOINT WARNING * * *
You feel very sick. The water moccasin closely misses you.
You shoot a sling bullet.
The sling bullet hits the water moccasin but does no damage.
The water moccasin is almost dead.
You shoot a sling bullet.
The sling bullet completely misses the water moccasin.
You die...

... #.#. .....##
........
.......##
.......#
####.#.##.##.#
##....#..@....#
.#........S.##..#
.............#
...
#............#.
..
#.............. .
....).........#.
###...#.........
....#...##...###
###.#......### #


You could see a water moccasin.

Vanquished Creatures
  A scorpion (D:4)
  Natasha (twice) (D:2)
  An iguana (D:4)
  Robin (D:2)
  8 adders
  3 ribbon worms (D:2)
  4 dart slugs (D:2)
  5 orcs
  7 bats
  7 endoplasms
  2 giant cockroaches (D:2)
  18 goblins
  12 hobgoblins
  A jackal (D:2)
  9 kobolds
  3 quokkas (D:2)
  8 ball pythons
  5 frilled lizards
  6 rats
103 creatures vanquished.

Notes
Turn   | Place    | Note
-------+----------+-------------------------------------------
     0 | D:1      | cinnamon the Coglin Hunter began the quest for the Orb.
     0 | D:1      | Reached XP level 1. HP: 16/16 MP: 1/1
   218 | D:1      | Reached skill level 4 in Ranged Weapons
   218 | D:1      | Reached XP level 2. HP: 22/22 MP: 2/2
   775 | D:2      | Reached XP level 3. HP: 27/27 MP: 3/3
   790 | D:2      | Noticed Robin
   800 | D:2      | Killed Robin
   811 | D:2      | Reached skill level 5 in Ranged Weapons
   814 | D:2      | Reached XP level 4. HP: 26/33 MP: 4/4
  1044 | D:2      | Noticed Natasha
  1049 | D:2      | Killed Natasha
  1050 | D:2      | Reached XP level 5. HP: 38/38 MP: 5/5
  1333 | D:2      | Found a broken altar of Ashenzari.
  1338 | D:2      | Noticed Natasha
  1342 | D:2      | Killed Natasha
  1343 | D:2      | Reached skill level 6 in Ranged Weapons
  2499 | D:3      | Found a stormy altar of Qazlal.
  2667 | D:4      | Found a radiant altar of Vehumet.
  2709 | D:4      | Found a broken altar of Ashenzari.
  2809 | D:4      | Reached XP level 6. HP: 33/44 MP: 6/6
  2887 | D:4      | Found Keustes's Magic Scroll Shoppe.
  2894 | D:4      | Bought a scroll of identify for 26 gold pieces
  2985 | D:4      | Found a blossoming altar of Fedhas.
  3099 | D:4      | Found Lenane's Antique Armour Shop.
  3534 | D:5      | Entered Level 5 of the Dungeon
  3595 | D:5      | Noticed a water moccasin
  3612 | D:5      | HP: 1/46 [water moccasin (6)]
  3614 | D:5      | Succumbed to a water moccasin's poison

Illustrated notes

Levels and vault maps discovered:
D:1:      dpeg_arrival_arbitrary_a, layout_loops_ring
D:2:      minmay_recursive_quarters, layout_loops_corners, basic_altar,
          minmay_vboxes, uniq_robin, uniq_natasha
D:3:      layout_loops_corners, grunt_qazlal_clouds
D:4:      layout_rooms, evilmike_ruin_ashenzari, vehumet_crystals,
          fedhas_ov_isle_minmay, serial_shops,
          nicolae_shop_pleasant_corner_grove, shop, minmay_snake_closets
D:5:      layout_rooms, kennysheep_mini, minmay_temple_entry_grid, uniq_duvessa,
          uniq_crazy_yiuf_cottage

Skill      XL: |  1  2  3  4  5 |
---------------+----------------+-----
Ranged Weapons | 4 5 6 |  6.8
Fighting       | |  2.4
Dodging        | |  1.7
Stealth        | |  0.7

Action                     |  1- 3 |  4- 6 || total
---------------------------+-------+-------++-------
  Melee: Demon blade       |       |     2 ||     2
         Sling             |       |     2 ||     2
         Long sword        |       |     1 ||     1
   Fire: Sling             |   134 |   308 ||   442
    Use: Scroll            |       |     6 ||     6
         Potion            |       |     2 ||     2
 Armour: Leather armour    |    15 |     9 ||    24
         Ring mail         |       |    35 ||    35
  Dodge: Dodged            |     7 |    39 ||    46

Table legend: (Time is in decaauts)
 A = Elapsed time spent in this place.
 B = Non-inter-level travel time spent in this place.
 C = Inter-level travel time spent in this place.
 D = Time resting spent in this place.
 E = Time spent auto-exploring this place.
 F = Levels seen in this place.
 G = Mean time per level.
                   A        B        C        D        E       F      G
               +--------+--------+--------+--------+--------+-----+--------+
         Total |   3665 |   3420 |    245 |     73 |   2714 |   5 |  733.0 |
       Dungeon |   3665 |   3420 |    245 |     73 |   2714 |   5 |  733.0 |
               +--------+--------+--------+--------+--------+-----+--------+

Top non-repeatable levels by time:
     D:2: 1171 daAuts
     D:4: 885 daAuts
     D:3: 813 daAuts
     D:1: 712 daAuts
     D:5: 83 daAuts
